 Dungeon Crawl Stone Soup version 0.22-a0-293-gc9362ec (webtiles) character file.

363 Amnesiac the Conjurer (level 6, 0/48 HPs)
             Began as a Demigod Wizard on Mar 25, 2018.
             Slain by Grinder (4 damage)
             ... on level 3 of the Dungeon.
             The game lasted 00:04:29 (2538 turns).

Amnesiac the Conjurer (Demigod Wizard)              Turns: 2538, Time: 00:04:30

Health: 0/48       AC:  4    Str: 10    XL:     6   Next: 15%
Magic:  8/15       EV: 12    Int: 26    God:
Gold:   71         SH:  0    Dex: 14    Spells: 2/13 levels left

rFire    . . .     SeeInvis .   o - +9 club
rCold    + . .     Gourm    .   (no shield)
rNeg     . . .     Faith    .   t - +0 robe (curse)
rPois    .         Spirit   .   (no helmet)
rElec    .         Reflect  .   (no cloak)
rCorr    .         Harm     +   n - +0 pair of gloves
MR       +....                  c - +0 pair of boots
Stlth    ++........             a - amulet of harm
HPRegen  0.16/turn              k - ring of protection from cold
MPRegen  0.14/turn              l - ring of protection from magic

@: very slightly contaminated
A: high mp 1
a: no special abilities


You were on level 3 of the Dungeon.
You were not hungry.

You visited 1 branch of the dungeon, and saw 3 of its levels.

You collected 71 gold pieces.

Inventory:

Hand Weapons
 o - a +9 club (weapon)
Armour
 c - a +0 pair of boots (worn)
 n - a +0 pair of gloves (worn)
 t - a cursed +0 robe (worn)
Jewellery
 a - an amulet of harm (around neck)
 k - a ring of protection from cold (left hand)
 l - a ring of protection from magic (right hand)
 m - an uncursed ring of flight
Wands
 q - a wand of paralysis (3)
 s - a wand of digging (12)
Scrolls
 e - a scroll of identify {!r}
 f - a scroll of teleportation {!r, unknown}
 j - a scroll of remove curse {!r}
Potions
 b - 2 potions of curing {!q}
 g - a potion of flight {!q, unknown}
 h - a potion of cancellation {!q, unknown}
 p - a potion of might {!q}
 r - a potion of magic {!q}
 u - 2 potions of lignification {!q}
 w - a potion of mutation {!q}
Comestibles
 d - 2 rations
 i - 8 chunks of flesh


   Skills:
 - Level 2.1 Fighting
 - Level 2.1 Dodging
 - Level 1.7 Stealth
 - Level 4.0 Spellcasting
 - Level 4.1 Conjurations
 - Level 0.8 Summonings
 - Level 0.8 Translocations
 + Level 0.4 Evocations


You had 2 spell levels left.
You knew the following spells:

 Your Spells              Type           Power        Failure   Level  Hunger
a - Magic Dart            Conj           ####         1%          1    None
b - Call Imp              Summ           #.......     9%          2    None
e - Mephitic Cloud        Conj/Pois/Air  ##......     14%         3    ##.....
s - Conjure Flame         Conj/Fire      ###.....     11%         3    ##.....
v - Blink                 Tloc           N/A          9%          2    None


Dungeon Overview and Level Annotations

Branches:
Dungeon (3/15)

Annotations:
D:3 Grinder


Innate Abilities, Weirdness & Mutations

You have an increased reservoir of magic. (+10% MP)


Message History

i - 8 chunks of flesh (gained 1)
A bat comes into view.
A bat is nearby!
A bat is nearby!
The helpless bat fails to defend itself.
You sock the bat!
You kill the bat!
No target in view!
No target in view!
Grinder is nearby!
Grinder is nearby!
Casting: Magic Dart (safe; 1% risk of failure)
Confirm with . or Enter, or press ? or * to list all spells.
A beastly little devil appears in a puff of flame.
Grinder shouts!
Grinder hits you. Grinder hits you.
Casting: Call Imp (safe; 9% risk of failure)
Confirm with . or Enter, or press ? or * to list all spells.
You miscast Call Imp.
You are very lightly contaminated with residual magic.
You hear strange voices.
Grinder closely misses you.
Casting: Call Imp (safe; 9% risk of failure)
Confirm with . or Enter, or press ? or * to list all spells.
A shadowy apparition takes form in the air.
Grinder hits you.
You writhe in agony.
Casting: Call Imp (safe; 9% risk of failure)
Confirm with . or Enter, or press ? or * to list all spells.
A beastly little devil appears in a puff of flame.
Grinder hits you!
* * * LOW HITPOINT WARNING * * *
You writhe in agony.
* * * LOW HITPOINT WARNING * * *
You closely miss Grinder.
Grinder is lightly wounded.
Grinder hits you.
* * * LOW HITPOINT WARNING * * *
You writhe in agony.
* * * LOW HITPOINT WARNING * * *
You closely miss Grinder.
Grinder is lightly wounded.
Grinder hits you but does no damage.
Okay, then.
Evoke which item? (* to show all) (? for menu, Esc to quit)
Aiming: Paralyse
Press: ? - help, Shift-Dir - straight line, f - Grinder
Aim: Grinder (lightly wounded, chance to defeat MR: 47%) Grinder resists with some effort.
Grinder gestures at you. You resist with some effort.
Your crimson imp blinks!
Evoke which item? (* to show all) (? for menu, Esc to quit)
Aiming: Paralyse
Press: ? - help, Shift-Dir - straight line, f/p - Grinder
Aim: Grinder (lightly wounded, chance to defeat MR: 47%) Grinder resists with some effort.
Grinder hits you!
* * * LOW HITPOINT WARNING * * *
Evoke which item? (* to show all) (? for menu, Esc to quit)
Aiming: Paralyse
Press: ? - help, Shift-Dir - straight line, f/p - Grinder
Aim: Grinder (moderately wounded, chance to defeat MR: 47%) Grinder resists with some effort.
Grinder hits you.
You die...

#.# ### #.# #.#
#.# #.# #.# #.#
#5### #@55#
#5..# # .......
###.##.##
##.##.####
#######........#
#......5.....#
#.####.#<#...#
#5#)# ##


You could see Grinder, 2 friendly crimson imps and a friendly shadow imp.

Vanquished Creatures
  Sigmund (D:2)
  A sky beast (D:3)
  Jessica (D:2)
  4 adders
  2 worms (D:2)
  2 dart slugs
  5 leopard geckos
  4 orcs (D:3)
  5 bats
  3 giant cockroaches
  4 goblins
  3 hobgoblins
  A quokka (D:2)
  3 frilled lizards
  5 kobolds
  4 rats
48 creatures vanquished.

Vanquished Creatures (collateral kills)
  A hobgoblin (D:3)
1 creature vanquished.

Grand Total: 49 creatures vanquished

Notes
Turn   | Place    | Note
-------+----------+-------------------------------------------
     0 | D:1      | Amnesiac the Demigod Wizard began the quest for the Orb.
     0 | D:1      | Reached XP level 1. HP: 14/14 MP: 6/6
    54 | D:1      | Reached skill level 1 in Conjurations
   337 | D:1      | Reached XP level 2. HP: 22/22 MP: 1/8
   381 | D:1      | Learned a level 2 spell: Call Imp
   957 | D:2      | Noticed Jessica
   961 | D:2      | Killed Jessica
   961 | D:2      | Reached skill level 1 in Fighting
   961 | D:2      | Reached XP level 3. HP: 28/28 MP: 3/10
  1059 | D:2      | Learned a level 3 spell: Mephitic Cloud
  1326 | D:2      | Noticed Sigmund
  1341 | D:2      | Killed Sigmund
  1341 | D:2      | Reached XP level 4. HP: 33/36 MP: 6/12
  1341 | D:2      | Reached XP level 5. HP: 37/41 MP: 6/13
  1369 | D:2      | Found a shadowy altar of Dithmenos.
  1377 | D:2      | Found an opulent altar of Gozag.
  1751 | D:3      | Noticed Grinder
  2014 | D:2      | Learned a level 3 spell: Conjure Flame
  2017 | D:2      | Learned a level 2 spell: Blink
  2019 | D:2      | Learned a level 1 spell: Magic Dart
  2024 | D:3      | Noticed a sky beast
  2088 | D:3      | Killed a sky beast
  2156 | D:3      | Reached XP level 6. HP: 32/48 MP: 14/14
  2215 | D:3      | Found a faded altar of an unknown god.
  2538 | D:3      | Slain by Grinder

Vault maps used:
D:1:      minmay_arrival_nine_rooms, serial_bayou_lagoon_a, minmay_box_of_dots
D:2:      amethyst_overflow_temple_binary, uniq_jessica, uniq_sigmund
D:3:      first_ration, chequers_ecumenical_altar_simple_redux, uniq_grinder

Skill      XL: |  1  2  3  4  5  6 |
---------------+-------------------+-----
Conjurations   | 1 2 3 4 |  4.1
Fighting       | 1 2 |  2.1
Spellcasting   | 3 4 |  4.0
Dodging        | 2 |  2.1
Stealth        | |  1.7
Summonings     | |  0.8
Translocations | |  0.8
Evocations     | |  0.4

Action                   |  1- 3 |  4- 6 || total
-------------------------+-------+-------++-------
Melee: Unarmed           |    19 |       ||    19
       Club              |     7 |    55 ||    62
 Cast: Magic Dart        |    53 |     5 ||    58
       Mephitic Cloud    |     2 |       ||     2
       Call Imp          |       |     4 ||     4
       Conjure Flame     |       |     1 ||     1
Evoke: Wand              |       |     3 ||     3
  Use: Scroll            |     2 |    10 ||    12
 Stab: Confused          |     2 |       ||     2
       Sleeping          |     1 |     4 ||     5
  Eat: Chunk             |     1 |     4 ||     5
Armor: Robe              |    10 |    14 ||    24
Dodge: Dodged            |    17 |    29 ||    46

Table legend:
 A = Spawn XP
 B = Non-spawn XP
 C = Spawn XP percentage of total XP
 D = Spawn monster count
 E = Non-spawn monster count
 F = Spawn count percentage of total count
 G = Total turns spent on level
                    A         B        C        D         E        F      G
               +---------+---------+-------+---------+---------+-------+---------
         Total |       0 |     519 |   0.0 |       0 |      49 |   0.0 |  2538
               +---------+---------+-------+---------+---------+-------+---------
           D:1 |       0 |      28 |   0.0 |       0 |      15 |   0.0 |   936
           D:2 |       0 |     300 |   0.0 |       0 |      14 |   0.0 |  1065
           D:3 |       0 |     191 |   0.0 |       0 |      20 |   0.0 |   537
               +---------+---------+-------+---------+---------+-------+---------
